[Event "*** Titled Tuesday Blitz"]
[Site "Chess.com"]
[Date "2021.04.27"]
[Round "2"]
[White "shreyansshah123"]
[Black "Pantata007"]
[Result "1-0"]
[WhiteElo "1694"]
[BlackElo "2326"]
[TimeControl "180+1"]
[EndTime "10:17:55 PDT"]
[Termination "shreyansshah123 won on time"]

1. d4 d5 2. Nf3 Nf6 3. Bf4 c5 4. e3 Nc6 5. c3 Qb6 6. Qc1 Bf5 7. h3 e6 8. Nh4 Be4 9. f3 Bg6 10. Nxg6 hxg6 11. Bd3 Rc8 12. Bc2 Be7 13. dxc5 Bxc5 14.
b4 Be7 15. a3 O-O 16. O-O e5 17. Bg3 d4 18. Qb2 d3 19. Bd1 Qxe3+ 20. Bf2 Qf4 21. Qd2 Qf5 22. c4 Rfd8 23. Nc3 a5 24.
b5 Nd4 25. Bxd4 Rxd4 26. Bb3 Bc5 27. Kh1 Qh5 28. Kh2 e4 29. fxe4 Nxe4 30. Nxe4 Rxe4 31. Rae1 Qe5+ 32. Kh1 Re8 33. Rxe4 Qxe4 34. Kh2 Be3 35. Qd1 Qe5+ 36. Kh1 Qd4 37. a4 Rf8 38. Re1 d2 39.
Re2 Bh6 40. Bc2 Kh8 41. Qf1 Qxc4 42. Bd1 Qd4 43. Rf2 f5 44. Rf3 Qb4 45. g4 fxg4 46.
Rxf8+ Kh7 47. hxg4 Qe4+ 48. Bf3 Qe1 49. Kg2 Qe3 50. Bd1 Qd4 51. Rf3 Qd5 52. Kg3 Qd4 53. g5 Qd6+ 54. Kg2 Bxg5 55. Rg3 Bh6 56. Qh1 Qd5+ 57. Kh2 Qh5+ 58. Bxh5 gxh5 59. Qd1 1-0

[Event "*** Titled Tuesday Blitz"]
[Site "Chess.com"]
[Date "2021.04.27"]
[Round "2"]
[White "KubaGepard"]
[Black "szefru"]
[Result "1-0"]
[WhiteElo "2411"]
[BlackElo "2156"]
[TimeControl "180+1"]
[EndTime "10:17:56 PDT"]
[Termination "KubaGepard won by resignation"]

1. d4 Nf6 2. Nf3 g6 3. g3 Bg7 4. Bg2 d5 5. O-O O-O 6. c4 c6 7. Qb3 Ne4 8. Nc3 Nxc3 9. Qxc3 dxc4 10. Qxc4 Be6 11. Qd3 h6 12. Rd1 Na6 13. e4 Nb4 14.
Qc3 Nxa2 15. Qa3 Nxc1 16. Raxc1 Qb6 17. b4 a5 18. bxa5 Rxa5 19. Qxe7 Bg4 20. Rb1 Rb5 21. Rxb5 Qxb5 22. Qc5 Qe2 23. Re1 Qd3 24. Ne5 Qd2 25.
Rf1 Be2 26. Rc1 Bxe5 27. dxe5 Rd8 28. f4 Qxc1+ 29. Qxc1 Rd1+ 30. Qxd1 Bxd1 31. Kf2 b5 32. Ke3 Bb3 33. Kd4 Bc4 34. Kc5 Kg7 35. f5 f6 36. e6 gxf5 37. exf5 Bd3 38. g4 Kf8 39. Bxc6 Ke7 40. Bxb5 Be4 41. Be2 h5 42. h3 hxg4 43. Bxg4 Bg2 44. h4 Be4 45. h5 Bc2 46. h6 1-0

[Event "*** Titled Tuesday Blitz"]
[Site "Chess.com"]
[Date "2021.04.27"]
[Round "2"]
[White "TengisChess"]
[Black "nrvisakh"]
[Result "0-1"]
[WhiteElo "2555"]
[BlackElo "2819"]
[TimeControl "180+1"]
[EndTime "10:17:57 PDT"]
[Termination "nrvisakh won by checkmate"]

1. e4 c5 2. Nf3 g6 3. c3 Bg7 4. Be2 Nc6 5. O-O Nf6 6. d3 O-O 7. Re1 d5 8. Nbd2 e5 9. Qc2 Re8 10. exd5 Nxd5 11. a4 Bf5 12. Bf1 b6 13. Qb3 Nf4 14.
Qb5 Na5 15. Ne4 a6 16. Qxe8+ Qxe8 17. Bxf4 exf4 18. h3 c4 19. Nd6 Qd7 20. Nxc4 Nxc4 21. dxc4 Bf6 22. a5 bxa5 23. Rxa5 Kg7 24. c5 Rb8 25. Re2 Qd1 26. Rd2 Qc1 27. c6 Rxb2 28.
Rxf5 Rxd2 29. Nxd2 Qxd2 30. c7 Bh4 31. g3 Bxg3 32.
fxg3 fxg3 33. Bg2 gxf5 34. c8=Q Qe1+ 35. Bf1 Qf2+ 36. Kh1 Qxf1# 0-1

[Event "*** Titled Tuesday Blitz"]
[Site "Chess.com"]
[Date "2021.04.27"]
[Round "2"]
[White "ferch1ni"]
[Black "Coiote53"]
[Result "1-0"]
[WhiteElo "2363"]
[BlackElo "2027"]
[TimeControl "180+1"]
[EndTime "10:17:57 PDT"]
[Termination "ferch1ni won by resignation"]

1. e4 c5 2. Nf3 d6 3. d4 cxd4 4. Nxd4 Nf6 5. Nc3 a6 6. Be2 e5 7.
Nb3 Be7 8. O-O O-O 9. Kh1 b6 10. f4 Bb7 11. Bf3 Nbd7 12. Nd5 Bxd5 13. exd5 e4 14. Be2 b5 15. a4 Nb6 16. axb5 axb5 17. Rxa8 Qxa8 18. Bxb5 Nfxd5 19. Nd4 Bf6 20. c4 Nb4 21. Nf5 Nd3 22. Be3 Qa5 23. b3 Rd8 24. Qg4 g6 25. Ng3 d5 26. f5 dxc4 27. bxc4 Ne5 28.
Qxe4 g5 29. Nh5 Bh8 30. Bxg5 Rd3 31. Nf6+ Bxf6 32. Bxf6 Qd2 33. Qxe5 1-0

[Event "*** Titled Tuesday Blitz"]
[Site "Chess.com"]
[Date "2021.04.27"]
[Round "2"]
[White "Andreikka"]
[Black "Ibrayevnb"]
[Result "1-0"]
[WhiteElo "2874"]
[BlackElo "2461"]
[TimeControl "180+1"]
[EndTime "10:17:58 PDT"]
[Termination "Andreikka won by checkmate"]

1. c4 e5 2. g3 Nf6 3. Bg2 d5 4. cxd5 Nxd5 5. Nc3 Nb6 6. d3 Be7 7. Nf3 Nc6 8. O-O O-O 9. a3 Be6 10. b4 f6 11. Bb2 Kh8 12. Rc1 a5 13. b5 Nd4 14.
Nd2 Ra7 15. e3 Nf5 16. Nde4 a4 17. Qe2 Qd7 18. f4 exf4 19. Rxf4 Rd8 20. Rd1 Bb3 21. Rd2 Nd5 22. Nxd5 Bxd5 23. Bh3 Be6 24. Qh5 Nxe3 25. Rh4 Bf5 26. Rf2 h6 27. Bxf5 Nxf5 28. Qxf5 Qxd3 29. Kg2 Ra5 30. Qg6 Rxb5 31. Rxh6+ gxh6 32. Qxh6+ Kg8 33. Qg6+ Kh8 34. Bxf6+ Bxf6 35. Qh6+ Kg8 36. Nxf6+ Kf7 37. Nd5+ Kg8 38. Ne7# 1-0

[Event "*** Titled Tuesday Blitz"]
[Site "Chess.com"]
[Date "2021.04.27"]
[Round "2"]
[White "Andrii_Prydun"]
[Black "gxbg2000"]
[Result "1/2-1/2"]
[WhiteElo "2340"]
[BlackElo "1956"]
[TimeControl "180+1"]
[EndTime "10:17:58 PDT"]
[Termination "Game drawn by repetition"]

1. d4 d5 2. Nc3 Nf6 3. Bf4 a6 4. e3 e6 5. Bd3 Bd6 6. Bxd6 cxd6 7. Nf3 O-O 8. O-O h6 9. Re1 b5 10. b4 Nc6 11. Rb1 Ne7 12. a4 bxa4 13. Nxa4 Bd7 14.
c3 Qc7 15. Rc1 Rfc8 16. Qb3 Qb7 17. Rc2 Rab8 18. Rb1 Rc7 19. Nd2 Bb5 20. Bf1 Rbc8 21. Nb2 g6 22. h3 Rc6 23. Rbc1 R8c7 24. Qa3 Kg7 25. Bd3 h5 26. Bf1 Kf8 27. Bd3 Kg7 28. Ra1 Qc8 29. Rac1 Qb7 1/2-1/2

[Event "*** Titled Tuesday Blitz"]
[Site "Chess.com"]
[Date "2021.04.27"]
[Round "2"]
[White "Grieve72"]
[Black "MarcoRiehle"]
[Result "0-1"]
[WhiteElo "2490"]
[BlackElo "2708"]
[TimeControl "180+1"]
[EndTime "10:17:59 PDT"]
[Termination "MarcoRiehle won by resignation"]

1. d4 d5 2. Bg5 f6 3. Bh4 c5 4. dxc5 e5 5. e4 d4 6. f4 Qa5+ 7. c3 Nc6 8. Nf3 Bg4 9. b4 Qc7 10. a3 O-O-O 11. Qb3 exf4 12. Bc4 Bxf3 13. gxf3 Ne5 14.
O-O Ne7 15. Be6+ Kb8 16. Nd2 dxc3 17. Qxc3 g5 18. Bf2 Rd3 19. Qc1 Rxd2 20. Be1 Rd3 21. Kg2 h5 22. Bc3 Bh6 23. Qc2 Rhd8 24. Bd5 Nxd5 25. exd5 R8xd5 26. Rae1 a6 27. Re2 g4 28. Kh1 gxf3 29. Ref2 Qc6 30. Bb2 Ng4 31. Rxf3 Rxf3 32.
Rxf3 Rd1+ 33. Qxd1 Nf2+ 34. Kg1 Nxd1 0-1

[Event "*** Titled Tuesday Blitz"]
[Site "Chess.com"]
[Date "2021.04.27"]
[Round "2"]
[White "mamey78"]
[Black "adnan_nn"]
[Result "1/2-1/2"]
[WhiteElo "2489"]
[BlackElo "2671"]
[TimeControl "180+1"]
[EndTime "10:17:59 PDT"]
[Termination "Game drawn by agreement"]

1. e4 c5 2. Nf3 Nf6 3. e5 Nd5 4. d4 cxd4 5. c3 Nc6 6. Bc4 Nb6 7. Bb3 d6 8. exd6 Qxd6 9. O-O Be6 10. Nxd4 Nxd4 11.
cxd4 Bxb3 12. Qxb3 e6 13. Nc3 Be7 14. d5 exd5 15.
Rd1 Rd8 16. Be3 O-O 17. Bxb6 axb6 18. Nxd5 Bg5 19. Qxb6 Qe5 20. Qd4 Qe6 21. Rd3 Rfe8 22. g3 h5 23. h4 Bh6 24. Rad1 Kh8 25. a4 Rd6 26. a5 Red8 27. Qc4 Qe2 28. b3 Rc6 29.
Nc3 Rxd3 30. Qxd3 Qe5 31. Nd5 g6 32. Qd4 Qxd4 33. Rxd4 Bg7 34. Rc4 Rxc4 35. bxc4 Bf8 36. Kf1 Kg7 37. f3 Bd6 38. g4 g5 39. hxg5 hxg4 40. f4 Kg6 41. Kg2 Kf5 42. Kg3 Bc5 43. Nf6 Bd6 1/2-1/2

[Event "*** Titled Tuesday Blitz"]
[Site "Chess.com"]
[Date "2021.04.27"]
[Round "2"]
[White "Leo_C"]
[Black "chessmachine14"]
[Result "1-0"]
[WhiteElo "2465"]
[BlackElo "2266"]
[TimeControl "180+1"]
[EndTime "10:17:59 PDT"]
[Termination "Leo_C won by resignation"]

1. d4 g6 2. c4 Bg7 3. Nc3 e6 4. e4 Ne7 5. g3 O-O 6. Bg2 d5 7. cxd5 exd5 8. exd5 c6 9. dxc6 Nexc6 10. d5 Nd4 11.
Be3 Re8 12. Nge2 Nf5 13. Bd2 Nd4 14. O-O Bg4 15. f3 Nxe2+ 16. Nxe2 Bf5 17. Bc3 Bxc3 18. bxc3 Qb6+ 19. Nd4 Nd7 20. Kh1 Nc5 21. Nxf5 gxf5 22.
Qd4 Qd6 23. Rfe1 b6 24. Bh3 Rad8 25. Bxf5 Rxe1+ 26. Rxe1 Qxd5 27. Re8+ Rxe8 28. Qxd5 Re1+ 29. Kg2 Re2+ 30. Kh3 Ne6 31. Bxe6 Rxe6 32. Qa8+ Kg7 33. Qxa7 h6 34. c4 Rc6 35. Qa6 Rd6 36. Qb5 Re6 37. a4 Rf6 38. c5 bxc5 39. Qxc5 Rxf3 40. a5 Rf6 41. Qd4 Kg6 42. Qxf6+ Kxf6 43. a6 Kg5 44. a7 f5 45. a8=Q f4 46. Qd8+ Kh5 47. g4+ Kg6 48.
Qd6+ Kf7 49. Qxf4+ Kg6 50. Kh4 Kg7 51. Kh5 Kh7 52.
Qf7+ Kh8 53. Kg6 1-0

[Event "*** Titled Tuesday Blitz"]
[Site "Chess.com"]
[Date "2021.04.27"]
[Round "2"]
[White "kobemagic"]
[Black "GregShahade"]
[Result "0-1"]
[WhiteElo "2367"]
[BlackElo "2666"]
[TimeControl "180+1"]
[EndTime "10:18:01 PDT"]
[Termination "GregShahade won by resignation"]

1. c4 Nf6 2. g3 d5 3. Bg2 g6 4. Nf3 Bg7 5. O-O O-O 6. cxd5 Nxd5 7. Nc3 Nb6 8. d4 Nc6 9. e3 Re8 10. a3 Rb8 11. b4 e5 12. dxe5 Nxe5 13. Nxe5 Bxe5 14.
Bb2 c6 15. Qxd8 Rxd8 16. Rfd1 Bg4 17. f3 Nc4 18. fxg4 Nxb2 19. Rxd8+ Rxd8 20. Ne4 Nc4 21. Re1 b6 22. a4 Rd3 23. Bf1 Rxe3 24. Rxe3 Nxe3 25.
b5 c5 26. Kf2 Nd1+ 27. Ke1 Ne3 28. Be2 h6 29. Kd2 Nd5 30. Kd3 Kg7 31. Kc4 Ne3+ 32. Kd3 Nd5 33. Kc4 Nb4 34. a5 f5 35. gxf5 gxf5 36.
Nxc5 bxc5 37. Kxc5 Nc2 38. Bd3 Nd4 39. b6 axb6+ 40.
Kxb6 Kf6 41. a6 Nf3 42. a7 Bd4+ 43. Kb7 Bxa7 44. Kxa7 Nxh2 45. Kb6 Ke5 46. Kc5 Ng4 47. Kc4 Nf2 48. Bc2 Ne4 0-1

[Event "*** Titled Tuesday Blitz"]
[Site "Chess.com"]
[Date "2021.04.27"]
[Round "2"]
[White "ErikBlomqvist"]
[Black "Sam_ChessMood"]
[Result "0-1"]
[WhiteElo "2588"]
[BlackElo "2896"]
[TimeControl "180+1"]
[EndTime "10:18:02 PDT"]
[Termination "Sam_ChessMood won on time"]

1. e4 e5 2. Nf3 Nc6 3. Bb5 a6 4. Ba4 Nf6 5. O-O b5 6. Bb3 Bc5 7. a4 Rb8 8. c3 d6 9. d4 Bb6 10.
a5 Ba7 11. Be3 Bg4 12. dxe5 Bxf3 13. Qxf3 Nxe5 14. Qe2 Bxe3 15. Qxe3 O-O 16. Nd2 Re8 17. h3 c5 18. f4 Ned7 19. Bc2 c4 20. Qd4 Qc7 21.
Rae1 Rbd8 22. b4 cxb3 23. Nxb3 Nc5 24. Kh2 Nfxe4 25. Rxe4 Rxe4 26. Bxe4 Nxb3 27. Qb6 Qe7 28. Bd5 Nc5 29. Re1 Qf8 30. Qc7 Rd7 31. Qb6 g6 32. h4 Re7 33. Kh3 Rxe1 0-1

[Event "*** Titled Tuesday Blitz"]
[Site "Chess.com"]
[Date "2021.04.27"]
[Round "2"]
[White "MARVELandDCforLIFE"]
[Black "Gmedmundo"]
[Result "0-1"]
[WhiteElo "2222"]
[BlackElo "2443"]
[TimeControl "180+1"]
[EndTime "10:18:03 PDT"]
[Termination "Gmedmundo won by resignation"]

1. e4 c5 2. Nf3 d6 3. d4 cxd4 4. Nxd4 Nf6 5. Nc3 Nc6 6. Bc4 Bd7 7. Bb3 g6 8. f3 Nxd4 9. Qxd4 Bg7 10. Be3 O-O 11.
O-O-O Ng4 12. Qd2 Nxe3 13. Qxe3 b5 14. Kb1 a5 15. a3 b4 16. axb4 axb4 17. Na2 Qa5 18.
Rd5 Qa6 19. Qd3 Qa7 20. h4 Be6 21. Rb5 Bxb3 22. Qxb3 Qa6 23. Rxb4 Ra7 24. Rb6 Qe2 25. g4 Qg2 26. Rc1 Bd4 27. Rb8 Rxb8 28. Qxb8+ Kg7 29. c3 Bc5 30. Rc2 Qxf3 31. b4 Qd1+ 32. Kb2 Rxa2+ 33. Kxa2 Qxc2+ 34. Ka3 Qxc3+ 35. Ka4 Qxb4+ 36. Qxb4 Bxb4 37. Kxb4 Kf6 38. Kc4 Ke5 39. Kd3 Kf4 0-1

[Event "*** Titled Tuesday Blitz"]
[Site "Chess.com"]
[Date "2021.04.27"]
[Round "2"]
[White "mbojan"]
[Black "dosto07"]
[Result "1-0"]
[WhiteElo "2650"]
[BlackElo "2308"]
[TimeControl "180+1"]
[EndTime "10:18:04 PDT"]
[Termination "mbojan won by checkmate"]

1. g3 d5 2. Bg2 Nf6 3. d3 c6 4. Nd2 g6 5. e4 dxe4 6. dxe4 Bg7 7. Nh3 O-O 8. O-O Bg4 9. f3 Bxh3 10. Bxh3 Qb6+ 11.
Kh1 Nbd7 12. Qe2 Nc5 13. Nc4 Qa6 14. Re1 Rfd8 15. Bf1 Ncd7 16. Bf4 b5 17. Nd2 Nh5 18.
e5 Nxf4 19. gxf4 Qa4 20. Ne4 Nb6 21. b3 Qa5 22. c4 bxc4 23. bxc4 Qa4 24. Rac1 Rd4 25.
Qf2 Rad8 26. Qg3 Nxc4 27. Bxc4 Rxc4 28. f5 Rxc1 29. Rxc1 Qa3 30. Rg1 Rd3 31. e6 Rxf3 32. Qb8+ Bf8 33. exf7+ Kxf7 34. Ng5+ Kg7 35. Ne6+ Kh6 36.
Qxf8+ Kh5 37. Qg7 g5 38. Qxg5# 1-0

[Event "*** Titled Tuesday Blitz"]
[Site "Chess.com"]
[Date "2021.04.27"]
[Round "2"]
[White "Orest_Vovk"]
[Black "Aygehovit1992"]
[Result "0-1"]
[WhiteElo "2368"]
[BlackElo "2649"]
[TimeControl "180+1"]
[EndTime "10:18:05 PDT"]
[Termination "Aygehovit1992 won by resignation"]

1. h3 d6 2. g4 Nc6 3. Bg2 e5 4. d3 h5 5. g5 Nge7 6. Nf3 Ng6 7. Nc3 h4 8. d4 Be7 9. dxe5 Ncxe5 10. Nxe5 dxe5 11.
Qxd8+ Bxd8 12. Be4 c6 13. Be3 Be6 14. O-O-O Nf4 15.
Bxf4 exf4 16. g6 f5 17. Bd3 Bf6 18. e3 fxe3 19. fxe3 Rh6 20. e4 f4 21. Rdf1 Ke7 22. Kb1 Rf8 23. Rxf4 Bxc3 24. Rxf8 Kxf8 25. bxc3 Rxg6 26.
e5 Rg3 27. Rf1+ Ke7 28. Rf4 g5 29. Rf6 Bxh3 30. Bc4 Re3 31. Rf7+ Ke8 32. Rxb7 Rxe5 33. Rxa7 Bd7 34. Ra8+ Ke7 35. Rh8 h3 36. a4 g4 37.
Rh7+ Kd6 38. Rh6+ Kc7 39. a5 Rxa5 0-1

[Event "*** Titled Tuesday Blitz"]
[Site "Chess.com"]
[Date "2021.04.27"]
[Round "2"]
[White "tgpgoat"]
[Black "WiktoriaPOL"]
[Result "0-1"]
[WhiteElo "2347"]
[BlackElo "2046"]
[TimeControl "180+1"]
[EndTime "10:18:05 PDT"]
[Termination "WiktoriaPOL won by resignation"]

1. e4 c5 2. Nf3 d6 3. d4 cxd4 4. Nxd4 Nf6 5. Nc3 a6 6. Be3 e5 7.
Nb3 Be6 8. f3 Nbd7 9. Qd2 b5 10.
O-O-O Be7 11. g4 Nb6 12. g5 Nfd7 13. h4 Nc4 14. Bxc4 bxc4 15. Na1 a5 16. h5 a4 17. a3 Qc7 18. g6 fxg6 19. hxg6 h6 20. f4 Qb7 21. f5 Bg8 22. Nd5 Rb8 23. c3 Bxd5 24.
exd5 Nf6 25. Rh2 Ne4 26. Qc2 Ng5 27. Qxa4+ Kf8 28. Qxc4 Nf3 29. Rc2 h5 30. Qe4 Ng5 31.
Qg2 h4 32. Bxg5 h3 33. Qg3 Bxg5+ 34. Qxg5 h2 35. Rh1 Qxd5 36. Qg2 Qd3 37. Rd1 Qxd1+ 38.
Kxd1 h1=Q+ 39. Qxh1 Rxh1+ 40. Kd2 Rxa1 0-1

[Event "*** Titled Tuesday Blitz"]
[Site "Chess.com"]
[Date "2021.04.27"]
[Round "2"]
[White "Zhigalko_Sergei"]
[Black "StockholmMissile"]
[Result "1-0"]
[WhiteElo "2938"]
[BlackElo "2596"]
[TimeControl "180+1"]
[EndTime "10:18:06 PDT"]
[Termination "Zhigalko_Sergei won by resignation"]

1. e4 e5 2. Nf3 Nc6 3. Bc4 Bc5 4. b4 Bxb4 5. c3 Ba5 6. d4 exd4 7. O-O Nge7 8. Ng5 d5 9. Nxf7 Kxf7 10. exd5 Ne5 11. Bb3 Kf8 12. Qxd4 Nf7 13. Ba3 Nd6 14. Re1 Nef5 15. Qf4 Qf6 16. Nd2 Qh6 17. Qa4 Kf7 18. Ne4 Bb6 19. Bc1 Qh4 20. Bg5 Bxf2+ 21. Kf1 Qxh2 22.
Kxf2 Rf8 23. Nxd6+ Nxd6 24. Be7 Re8 25. Bxd6 Rxe1 26.
Bxh2 1-0

[Event "*** Titled Tuesday Blitz"]
[Site "Chess.com"]
[Date "2021.04.27"]
[Round "2"]
[White "Steven_Rojas"]
[Black "blitzking1729"]
[Result "0-1"]
[WhiteElo "2466"]
[BlackElo "2671"]
[TimeControl "180+1"]
[EndTime "10:18:06 PDT"]
[Termination "blitzking1729 won on time"]

1. d4 d5 2. c4 e6 3. Nc3 c5 4. cxd5 exd5 5. Nf3 Nc6 6. Bg5 Nf6 7. Bxf6 gxf6 8. e3 Be6 9. g3 Qb6 10. Qd2 cxd4 11. exd4 h5 12. Na4 Qb4 13. Nc3 Bh6 14. Qc2 Nxd4 15. Nxd4 Qxd4 16. Bb5+ Kf8 17. O-O Rc8 18. Rad1 Qc5 19. Qd3 Rd8 20. Ba4 Kg7 21.
Bb3 d4 22. Ne4 Qf5 23. Bxe6 fxe6 24. Rfe1 e5 25. Qb5 Qd7 26. Qb3 Qf7 27. Qa3 b6 28. Nd6 Qd7 29. Ne4 Rhe8 30. Qf3 Qf7 31. Rd3 f5 32.
Nd2 e4 0-1

[Event "*** Titled Tuesday Blitz"]
[Site "Chess.com"]
[Date "2021.04.27"]
[Round "2"]
[White "TimofeevAr"]
[Black "sorrm8thatscheckm8"]
[Result "1-0"]
[WhiteElo "2830"]
[BlackElo "2558"]
[TimeControl "180+1"]
[EndTime "10:18:07 PDT"]
[Termination "TimofeevAr won by resignation"]

1. c4 Nf6 2. Nc3 g6 3. g3 Bg7 4. Bg2 O-O 5. d3 d6 6. Nf3 e5 7. O-O Nc6 8. Rb1 a5 9. b3 h6 10.
Bb2 Be6 11. h3 Qd7 12. Kh2 Nh7 13. Nd5 f5 14. Nd2 Rf7 15. f4 exf4 16. Nxf4 Bxb2 17. Rxb2 Nf8 18. e4 Kh8 19. Qa1 Kh7 20. Rbb1 Re8 21.
Rbe1 Nb4 22. Qc3 b6 23. a3 Na6 24. d4 fxe4 25. Nxe4 Bf5 26. d5 Bxe4 27. Bxe4 Nc5 28. Bc2 Rxe1 29. Rxe1 b5 30. b4 axb4 31. axb4 Na4 32.
Qa1 Nb6 33. cxb5 Kg8 34. Bd3 Re7 35. Rf1 Rf7 36. Nxg6 Nxg6 37. Bxg6 Rxf1 38. Qxf1 Nxd5 39. Qc4 Qe6 40. Be4 Nf4 41. Qxe6+ Nxe6 42. Bd5 Kf7 43. g4 Kf6 44. Bxe6 Kxe6 45. Kg3 Ke5 46. Kf3 Kd4 47. h4 Ke5 48. Ke3 Kd5 49. Kf4 Kc4 50. g5 1-0

[Event "*** Titled Tuesday Blitz"]
[Site "Chess.com"]
[Date "2021.04.27"]
[Round "2"]
[White "Matensien"]
[Black "WonderChampion"]
[Result "0-1"]
[WhiteElo "2363"]
[BlackElo "2106"]
[TimeControl "180+1"]
[EndTime "10:18:08 PDT"]
[Termination "WonderChampion won on time"]

1. d4 d5 2. c4 e6 3. Nc3 c6 4.
e4 dxe4 5. Nxe4 Nf6 6. Nxf6+ Qxf6 7. Nf3 Bb4+ 8. Bd2 Bxd2+ 9. Qxd2 O-O 10. Be2 Rd8 11. Qe3 Bd7 12. O-O Na6 13. c5 Nb4 14. Qb3 Nd5 15. Ne5 Nf4 16. Bf3 Rab8 17. g3 Nh3+ 18. Kg2 Ng5 19. h4 Nxf3 20. Qxf3 Qxf3+ 21. Kxf3 f6 22. Nc4 b6 23. b4 bxc5 24. bxc5 Rb4 25. Rfc1 Rdb8 26. Ke3 Kf7 27. Rc3 a6 28. Nb6 Be8 29.
Rb3 Rxb3+ 30. axb3 e5 31. Rxa6 exd4+ 32. Kxd4 Rd8+ 33.
Kc3 Ke6 0-1

[Event "*** Titled Tuesday Blitz"]
[Site "Chess.com"]
[Date "2021.04.27"]
[Round "2"]
[White "HonzaVykouk"]
[Black "ArjunErigaisi2003"]
[Result "0-1"]
[WhiteElo "2579"]
[BlackElo "2884"]
[TimeControl "180+1"]
[EndTime "10:18:09 PDT"]
[Termination "ArjunErigaisi2003 won by checkmate"]

1. e4 d6 2. d4 g6 3. Nc3 Bg7 4. Be3 a6 5. h4 h6 6. h5 g5 7. Qd2 b5 8. O-O-O Bb7 9. f3 e6 10. Nh3 Ne7 11. Nf2 Nd7 12. Kb1 f5 13. exf5 exf5 14.
Bd3 f4 15. Bxf4 gxf4 16. Qxf4 Rf8 17. Qg4 Rf7 18. Rde1 Kf8 19. Ne2 Nf6 20. Qg3 Nfd5 21.
Ng4 Qd7 22. Bg6 Nf5 23. Qh3 Re7 24. Ng3 Nxd4 25. Rxe7 Qxe7 26. c3 Ne2 27. Nf5 Nexc3+ 28. bxc3 Nxc3+ 29. Kc1 Nxa2+ 30. Kb1 Nc3+ 31. Kc1 Qg5+ 32. f4 Qxf4+ 33. Kc2 Be4+ 34. Kb3 Bd5+ 35. Kc2 Be4+ 36. Kb3 Bxf5 37. Bxf5 Qa4+ 38. Kb2 Ne2+ 39. Kb1 Qa1+ 40. Kc2 Qb2+ 41. Kd3 Nf4+ 42. Ke4 Nxh3 43. gxh3 Qc2+ 44. Kf3 Qxf5+ 45. Kg3 Be5+ 46. Kh4 Qg5# 0-1

[Event "*** Titled Tuesday Blitz"]
[Site "Chess.com"]
[Date "2021.04.27"]
[Round "2"]
[White "Kapibara_Warri0r"]
[Black "The_filthy"]
[Result "1-0"]
[WhiteElo "2209"]
[BlackElo "2407"]
[TimeControl "180+1"]
[EndTime "10:18:09 PDT"]
[Termination "Kapibara_Warri0r won by resignation"]

1. c4 c6 2. d4 Nf6 3. Nc3 d5 4.
cxd5 cxd5 5. Bg5 Ne4 6. Nxe4 dxe4 7. Qd2 h6 8. Bh4 g5 9. Bg3 Nc6 10. e3 e5 11. Bb5 exd4 12. Be5 f6 13. Bxd4 Bd7 14.
Bxc6 Bxc6 15. Ne2 Be7 16. Nc3 O-O 17. O-O f5 18. Qc2 Bf6 19. Rad1 Qe7 20. Ne2 Rac8 21.
Qb3+ Kh7 22. Rc1 f4 23. Rfd1 f3 24. Bxf6 Rxf6 25. Ng3 Rcf8 26. Rd2 g4 27. Rcd1 h5 28. Nxh5 Rh6 29. Nf4 Qh4 30. Rd7+ Bxd7 31. Rxd7+ Kh8 32. Qc3+ Qf6 33. Qc7 Qxb2 34. h3 g3 35. fxg3 Qc1+ 36. Qxc1 1-0

[Event "*** Titled Tuesday Blitz"]
[Site "Chess.com"]
[Date "2021.04.27"]
[Round "2"]
[White "rachidhuilda"]
[Black "Shuvalov"]
[Result "0-1"]
[WhiteElo "2248"]
[BlackElo "2458"]
[TimeControl "180+1"]
[EndTime "10:18:11 PDT"]
[Termination "Shuvalov won by resignation"]

1. d4 Nf6 2. Bg5 c5 3. d5 Qb6 4. Nc3 Qxb2 5. Bd2 Qb6 6. e4 d6 7. f4 Nfd7 8. Nf3 g6 9. Rb1 Qd8 10. Bc4 Bg7 11. a4 O-O 12. O-O Na6 13. Qe2 Nb4 14. Be1 Nb6 15. Bb3 Bg4 16. Nb5 a6 17. Na3 a5 18. Bh4 Re8 19. h3 Bd7 20. Nb5 Bxb5 21. Qxb5 Rc8 22. Rfd1 c4 23. c3 Bxc3 24. Bf2 Na8 25. Bxc4 Qc7 26. Be2 Bg7 27. Nd4 Qc5 28.
Qxc5 Rxc5 29. Nb5 Rc2 30. Re1 Rec8 31. Bd1 Ra2 32. Rb3 Rxa4 33. Rf3 Ra1 34. e5 Rcc1 35. Bd4 Rxd1 0-1

[Event "*** Titled Tuesday Blitz"]
[Site "Chess.com"]
[Date "2021.04.27"]
[Round "2"]
[White "vovachesss"]
[Black "Homino"]
[Result "0-1"]
[WhiteElo "2619"]
[BlackElo "2338"]
[TimeControl "180+1"]
[EndTime "10:18:12 PDT"]
[Termination "Homino won by resignation"]

1. e4 c5 2. Nf3 Nc6 3. Nc3 g6 4. g3 Bg7 5. Bg2 e6 6. O-O Nge7 7. d3 O-O 8. Be3 b6 9. Qd2 d5 10. exd5 Nxd5 11. Bh6 Nxc3 12. bxc3 Bb7 13. Rfe1 Ne7 14. Bxg7 Kxg7 15. h4 h5 16. c4 Nf5 17. Ng5 Bxg2 18. Kxg2 Qc7 19. Rxe6 Qb7+ 20. Re4 Nd6 21. Qc3+ Kh6 22.
Qf6 Nxe4 23. Nxe4 Rae8 24. Kg1 Rxe4 25. dxe4 Qxe4 26. Rd1 Qxc2 27. Rd7 Qb1+ 28. Kh2 Qf5 29. Qb2 Qxd7 30. Qd2+ Qxd2 0-1

[Event "*** Titled Tuesday Blitz"]
[Site "Chess.com"]
[Date "2021.04.27"]
[Round "2"]
[White "djano"]
[Black "827883"]
[Result "1-0"]
[WhiteElo "2477"]
[BlackElo "2268"]
[TimeControl "180+1"]
[EndTime "10:18:12 PDT"]
[Termination "djano won by resignation"]

1. e4 e5 2. Nf3 Nc6 3. Bb5 a6 4. Ba4 Nf6 5. O-O Be7 6. Bxc6 dxc6 7. d3 Bd6 8. Nbd2 O-O 9. Nc4 Re8 10. Bg5 h6 11. Bh4 Qe7 12. h3 Qe6 13. a4 b6 14.
Qd2 Nh5 15. Bg3 f6 16. Ne3 Qf7 17. Bh2 Be6 18. Kh1 Kh8 19. c4 c5 20. a5 b5 21.
cxb5 axb5 22. g4 Nf4 23. Bxf4 exf4 24. Nf5 g6 25. Nxd6 cxd6 26. Qxf4 Kg7 27. d4 Bc4 28. Rfe1 cxd4 29. Qxd6 d3 30. a6 Ra7 31. b3 Re6 32.
Qc5 Bxb3 33. Nd4 Bc4 34. Nxe6+ Bxe6 35. Qxb5 d2 36. Red1 h5 37. f3 hxg4 38. hxg4 g5 39. Rxd2 Qg6 40. Qb6 Rf7 41. a7 Rf8 42. Qxe6 Rh8+ 43. Rh2 Qh6 44. Rxh6 1-0

[Event "*** Titled Tuesday Blitz"]
[Site "Chess.com"]
[Date "2021.04.27"]
[Round "2"]
[White "dropstoneDP"]
[Black "Lion-Al-Messi"]
[Result "1-0"]
[WhiteElo "2921"]
[BlackElo "2471"]
[TimeControl "180+1"]
[EndTime "10:18:14 PDT"]
[Termination "dropstoneDP won by resignation"]

1. e3 e5 2. d4 exd4 3. exd4 d5 4. Nf3 Bg4 5. Qd3 Nc6 6. Be2 Bd6 7. O-O Nge7 8. Bg5 f6 9. Bh4 Qd7 10. Nc3 g5 11. Bg3 Bxg3 12. fxg3 O-O-O 13. Na4 b6 14. Qa3 h5 15. Ba6+ Kb8 16. Rae1 h4 17. gxh4 gxh4 18. Nc5 bxc5 19. Qb3+ Nb4 20. dxc5 Nc6 21. Nd4 Ka8 22. Bb7+ Kxb7 23. Nxc6 Kxc6 24. Rxf6+ Kxc5 25. Qc3+ Kb5 26. a4+ Ka5 27. Qc5+ Kxa4 28. Ra1+ 1-0

[Event "*** Titled Tuesday Blitz"]
[Site "Chess.com"]
[Date "2021.04.27"]
[Round "2"]
[White "MarkoPe"]
[Black "IANOV0007"]
[Result "0-1"]
[WhiteElo "2264"]
[BlackElo "2466"]
[TimeControl "180+1"]
[EndTime "10:18:14 PDT"]
[Termination "IANOV0007 won on time"]

1. e4 d6 2. d4 Nf6 3. Nc3 c6 4. a4 Qa5 5. Bd3 e5 6. dxe5 dxe5 7. Ne2 Be7 8. O-O O-O 9. Be3 Nbd7 10. h3 Nc5 11.
Qd2 Rd8 12. Nd5 Qxd2 13. Nxe7+ Kf8 14. Bxd2 Nxd3 15. cxd3 Kxe7 16. Rad1 a5 17. Bc3 Nd7 18. f4 f6 19. Ng3 exf4 20. Rxf4 Ne5 21. Bxe5 fxe5 22. Rf3 g6 23. Rdf1 Be6 24. Ne2 Rd7 25. Nc1 Rad8 26. Kf2 Rd4 27. b3 Rb4 28. Ke2 b5 29. axb5 cxb5 30. Kd2 Rc8 31. h4 a4 32. bxa4 bxa4 33. Ke3 a3 34. R3f2 Rb2 35. Rd2 Rb1 36. Rdd1 Rc2 37. d4 exd4+ 38. Kxd4 a2 39. Nxa2 Rxd1+ 40. Rxd1 Rxa2 41. Rg1 Ra4+ 42. Ke3 Kf6 43. Kf4 Bf5 44. Re1 Be6 45. g4 h6 46. g5+ hxg5+ 47.
hxg5+ Ke7 0-1